Map: Neon Violet Square LE

Players

Bly

  • Race: Zerg Zerg
  • Spawn Location: 5:00

TRUE - Winner!

  • Race: Zerg Zerg
  • Spawn Location: 11:00

Event: WCS Leipzig 2018

VOD

Have the link to the VOD?

Description

Time

  • Played on: Jan. 27, 2018, 5:33 a.m.
  • Length: 8:27

All games in this series

Show
View Real Time Build Order
Export as new Build Order

Bly Zerg 

Build Orders: Hatch First, Roach Nydus 

Get SALT Encoding   

  12  0:01  Drone  
  13  0:13  Overlord  
  13  0:18  Drone  
  14  0:32  Drone x2  
  16  0:37  Drone  
  17  0:53  Hatchery  
  16  0:58  Drone  
  17  1:10  Spawning Pool  
  16  1:14  Drone  
  16  1:17  Drone  
  18  1:28  Extractor  
  18  1:30  Drone  
  18  1:35  Drone  
  19  1:50  Overlord  
  19  1:57  Zergling x2, Queen  
  22  2:06  Queen  
  24  2:16  Drone x2  
  24  2:17  Drone x2  
  29  2:22  Drone  
  29  2:27  Drone  
  30  2:40  Drone  
  30  2:41  Queen  
  30  2:42  Overlord  
  33  2:49  Drone x2  
  35  2:57  Drone  
  35  2:58  Lair  
  36  3:11  Roach Warren  
  35  3:13  Evolution Chamber  
  35  3:16  Drone  
  35  3:17  Drone x3, Queen  
  39  3:24  Drone x3  
  42  3:29  Overlord  
  42  3:39  Evolution Chamber  
  42  3:40  Zerg Missile Weapons Level 1  
  41  3:43  Extractor  
  41  3:44  Extractor  
  41  3:45  Overlord  
  41  3:46  Drone x2  
  41  4:01  Drone x3  
  41  4:02  Drone x2  
  46  4:18  Nydus Network  
  46  4:20  Evolution Chamber  
  46  4:22  Overlord, Queen x2  
  48  4:36  Roach x4  
  48  4:37  Roach  
  58  4:42  Roach  
  58  4:44  Roach  
  62  4:50  Roach x2  
  66  4:55  Nydus Canal  
  62  5:25  Roach x3, Overlord  
  62  5:26  Glial Reconstitution  
  68  5:30  Spine Crawler  
  53  5:51  Drone x4  
  53  5:52  Drone x2  
  53  5:53  Drone  
  45  5:57  Drone x3  
  47  6:05  Drone x2  
  47  6:06  Queen  
  51  6:13  Queen  
  53  6:20  Spire  
  53  6:25  Extractor  
  51  6:27  Drone x4  
  51  6:30  Drone  
  56  6:40  Roach x2  
  56  6:46  Roach  
  62  6:47  Ravager x3  
  62  6:54  Roach  
  67  6:59  Hatchery  
  66  7:02  Overlord x2  
  66  7:08  Overlord  
  66  7:20  Roach  
  68  7:24  Roach x3  
  68  7:25  Roach x2, Roach Warren  
  77  7:31  Evolution Chamber  
  77  7:35  Zergling x4  
  66  7:45  Zergling x4  
  56  8:03  Zergling x10  
Show
View Real Time Build Order
Export as new Build Order

TRUE Zerg - Winner!

Build Orders: Hatch First 

Get SALT Encoding   

  12  0:00  Drone  
  13  0:13  Overlord  
  13  0:17  Drone  
  14  0:31  Drone x2  
  14  0:35  Drone  
  17  0:52  Hatchery  
  17  0:56  Drone  
  17  1:09  Spawning Pool  
  17  1:10  Extractor  
  15  1:13  Drone  
  15  1:17  Drone  
  17  1:20  Drone  
  18  1:28  Drone  
  19  1:39  Overlord  
  19  1:57  Queen  
  21  2:04  Queen  
  21  2:06  Zergling x2  
  24  2:10  Metabolic Boost  
  24  2:15  Drone  
  24  2:16  Drone x3  
  24  2:22  Drone  
  29  2:26  Drone  
  30  2:32  Drone  
  31  2:38  Drone  
  32  2:46  Hatchery  
  31  2:52  Baneling Nest  
  31  2:57  Queen  
  32  2:59  Drone  
  32  3:04  Overlord  
  33  3:06  Drone  
  33  3:09  Zergling x2  
  33  3:10  Zergling x2  
  36  3:16  Overlord  
  36  3:29  Overlord  
  36  3:37  Baneling x2  
  38  3:49  Drone  
  38  3:50  Drone x9  
  38  3:51  Drone  
  38  3:54  Drone  
  50  3:59  Drone, Evolution Chamber  
  50  4:02  Drone  
  49  4:03  Drone  
  49  4:06  Extractor  
  49  4:07  Extractor  
  48  4:13  Drone x3  
  51  4:19  Drone x3  
  51  4:20  Drone  
  55  4:26  Zerg Missile Weapons Level 1  
  55  4:32  Roach Warren  
  55  4:35  Drone x4  
  55  4:36  Overlord  
  58  4:40  Overlord  
  58  4:45  Overlord  
  58  4:50  Extractor, Overlord  
  56  5:11  Roach x4  
  56  5:12  Roach x8  
  78  5:18  Roach x3  
  78  5:19  Roach  
  86  5:21  Roach  
  86  5:23  Overlord  
  86  5:39  Roach  
  86  5:41  Roach x2  
  72  5:44  Roach  
  62  6:00  Drone x4  
  66  6:05  Drone  
  66  6:08  Drone  
  66  6:10  Drone  
  69  6:14  Drone  
  69  6:17  Drone  
  71  6:20  Drone  
  71  6:23  Drone  
  73  6:26  Drone  
  73  6:27  Drone  
  73  6:29  Drone  
  73  6:32  Drone  
  77  6:33  Drone  
  78  6:41  Zergling x2  
  78  6:42  Zergling x6  
  78  6:44  Zergling x4  
  84  6:47  Zergling x2  
  84  6:49  Zergling x2  
  84  6:51  Zergling x2  
  84  6:52  Zergling x2  
  88  6:54  Overlord  
  88  6:56  Zergling x2  
  88  6:58  Zergling x2  
  90  7:01  Overlord  
  90  7:14  Zergling x4  
  90  7:18  Zergling x2  
  90  7:19  Zergling x2  
  90  7:20  Zergling x16  
  90  7:21  Zergling x2  
  101  7:27  Zergling x4  
  101  7:29  Zergling x2  
  100  7:30  Zergling x4  
  100  7:31  Zergling x2  
  98  7:38  Zergling x2  
  98  7:40  Zergling x2  
  98  7:41  Zergling x2  
  98  7:42  Zergling x2  
  98  7:43  Zergling x4  
  97  7:44  Zergling x4  
  97  7:46  Zergling x2  
  97  7:49  Zergling x2  
  91  7:52  Zergling x2  
  91  7:55  Zergling x2  
  84  7:59  Zergling x2  
  84  8:01  Zergling x2  
  81  8:06  Zergling x2  
  81  8:07  Zergling x2  
Tags
 
Add a new tag
Caveats
  • Supply blocks, unpowered buildings, or Contaminate may cause inaccurate times.
  • Supply counts are checked every 10 seconds.